 Dungeon Crawl Stone Soup version 0.20.1-1-g8b1a95d (webtiles) character file.

264 Jukra the Slasher (level 5, -10/48 HPs)
             Began as a Minotaur Berserker on Aug 30, 2017.
             Was a Priest of Trog.
             Killed from afar by an electric eel (16 damage)
             ... with a bolt of electricity
             ... on level 3 of the Dungeon.
             The game lasted 00:11:54 (2161 turns).

Jukra the Slasher (Minotaur Berserker)              Turns: 2161, Time: 00:11:55

Health: -10/48     AC: 11    Str: 23    XL:     5   Next: 98%
Magic:  4/4        EV:  8    Int:  4    God:    Trog [***...]
Gold:   124        SH:  2    Dex:  9    Spells: 4/4 levels left

rFire    . . .     SeeInvis .   t - +0 hand axe
rCold    . . .     Gourm    .   u - +0 buckler
rNeg     + . .     Faith    .   i - +0 chain mail
rPois    .         Spirit   .   (helmet restricted)
rElec    .         Reflect  .   f - +0 cloak
rCorr    .         Harm     .   (no gloves)
MR       .....                  n - +0 pair of boots
Stlth    ..........             (no amulet)
Regen    0.2/turn               e - ring of positive energy
MPRegen  0.1/turn               k - ring of stealth

@: no status effects
A: retaliatory headbutt, horns 2
a: Berserk, Trog's Hand, Burn Spellbooks, Renounce Religion


You were on level 3 of the Dungeon.
You worshipped Trog.
Trog was most pleased with you.
You were not hungry.

You visited 1 branch of the dungeon, and saw 3 of its levels.

You collected 124 gold pieces.

Inventory:

Hand Weapons
 a - a +0 falchion
 o - a +0 halberd
 q - a +0 dagger of holy wrath
 s - a cursed -2 falchion
 t - a +0 hand axe (weapon)
Armour
 f - a +0 cloak (worn)
 i - a +0 chain mail (worn)
 n - a +0 pair of boots (worn)
 u - a +0 buckler (worn)
Jewellery
 e - a ring of positive energy (left hand)
 k - a ring of stealth (right hand)
Wands
 v - a wand of flame (32/48)
Scrolls
 j - a scroll of remove curse
 m - a scroll of magic mapping
 p - 2 scrolls of identify
Potions
 c - a potion of might
 h - a potion of flight
 l - a potion of magic {unknown}
 r - a potion of curing {unknown}
Comestibles
 b - 2 bread rations
 d - a meat ration
 g - 2 royal jellies


   Skills:
 + Level 5.5 Fighting
 + Level 5.7 Long Blades
 + Level 3.1 Armour
 + Level 3.4 Dodging
 + Level 0.5 Stealth


You had 4 spell levels left.
You didn't know any spells.

Dungeon Overview and Level Annotations

Branches:
Dungeon (3/15)

Altars:
Hepliaklqana

Annotations:
D:3 1 transporter


Innate Abilities, Weirdness & Mutations

You reflexively headbutt those who attack you in melee.
You have a pair of horns on your head.


Message History

Found a robe.
Found a transporter.
There is a transporter here.
You enter the transporter and appear at another place.
v - a wand of flame (?/48)
There are no items here.
As you open the door, it creaks loudly!
The electric eel shoots out a bolt of lightning at you!
The bolt of electricity hits you!
There is an open door here.
The electric eel shoots out a bolt of lightning at you!
The bolt of electricity hits you! x2
* * * LOW HITPOINT WARNING * * *
The electric eel shoots out a bolt of lightning at you!
The bolt of electricity hits you!
* * * LOW HITPOINT WARNING * * *
Okay, then.
The electric eel shoots out a bolt of lightning at you!
The bolt of electricity misses you. The bolt of electricity hits you!
You die...

.## .....# #.###+###.# .#
.....# #.#≈≈≈≈≈#.# ## .....#
#.#≈≈≈P≈#.# .....#
#.#≈≈≈≈≈#.# ####.....#
#.#≈≈♣P≈#.# .........#
#.#≈≈≈≈≈#.# .........#
#.#≈...;#.# ....# #.#≈...;#.#
..### #.###@###.# ..#
#.#P...P#.# .## #.#8...8#.#
.# #.#######.# .#
#....©....####
.##############.........####
.#.............#.#..........#
.#.............#.+......###..
.#.............#.#..†....#


You could see 2 electric eels.

Vanquished Creatures
  An orc priest (D:3)
  2 hounds (D:3)
  Natasha (thrice) (D:2)
  A gnoll (D:3)
  2 adders (D:2)
  An ooze (D:3)
  A worm (D:2)
  A leopard gecko (D:1)
  3 orcs (D:3)
  6 giant cockroaches
  9 goblins
  9 hobgoblins
  6 kobolds
  A quokka (D:3)
  6 bats
  4 frilled lizards
  8 rats
64 creatures vanquished.

Notes
Turn   | Place    | Note
-------+----------+-------------------------------------------
     0 | D:1      | Jukra the Minotaur Berserker began the quest for the Orb.
     0 | D:1      | Reached XP level 1. HP: 19/19 MP: 0/0
   336 | D:1      | Reached XP level 2. HP: 27/27 MP: 1/1
   480 | D:1      | Reached ** piety under Trog
   609 | D:1      | Reached XP level 3. HP: 32/33 MP: 2/2
   774 | D:2      | Noticed Natasha
   789 | D:2      | Killed Natasha
  1166 | D:2      | Reached XP level 4. HP: 41/41 MP: 3/3
  1225 | D:2      | Noticed Natasha
  1243 | D:2      | Killed Natasha
  1755 | D:2      | Noticed Natasha
  1760 | D:2      | Killed Natasha
  1760 | D:2      | Reached skill level 5 in Long Blades
  1780 | D:2      | Found a hazy altar of Hepliaklqana.
  1839 | D:2      | Reached skill level 5 in Fighting
  1895 | D:3      | Reached XP level 5. HP: 47/48 MP: 4/4
  2050 | D:3      | Reached *** piety under Trog
  2106 | D:3      | Found a transporter.
  2140 | D:3      | Found a transporter.
  2161 | D:3      | Killed from afar by an electric eel

Skill      XL: |  1  2  3  4  5 |
---------------+----------------+-----
Long Blades    | 4 5 |  5.7
Fighting       | 4 5 |  5.5
Dodging        | 3 |  3.4
Armour         | 3 |  3.1
Stealth        | |  0.5

Action                   |  1- 3 |  4- 6 || total
-------------------------+-------+-------++-------
Melee: Falchion          |    68 |    49 ||   117
       Headbutt          |     8 |    16 ||    24
       Halberd           |       |    45 ||    45
Invok: Berserk           |       |     1 ||     1
  Use: Potion            |     4 |       ||     4
       Scroll            |     6 |       ||     6
  Eat: Bread ration      |       |     1 ||     1
       Royal jelly       |       |     1 ||     1
Armor: Ring mail         |    13 |       ||    13
       Animal skin       |     3 |       ||     3
       Chain mail        |    14 |    62 ||    76
Dodge: Dodged            |    38 |    59 ||    97
       Rpst.: Falchion   |    12 |     2 ||    14
